 Dungeon Crawl Stone Soup version 0.30-a0-234-g97d66968fd (webtiles) character file.

Game seed: 10158528190214716896

97 qw the Chopper (level 4, -17/28 HPs)
             Began as a Gargoyle Fighter on Oct 9, 2022.
             Demolished by an ogre
             ... wielding a +0 giant spiked club
              (19 damage)
             ... on level 4 of the Dungeon.
             The game lasted 00:01:03 (3070 turns).

qw the Chopper (Gargoyle Fighter)                   Turns: 3070, Time: 00:01:03

Health: -17/28     AC: 17    Str: 22    XL:     4   Next: 68%
Magic:  4/4        EV:  6    Int:  8    God:
Gold:   171        SH:  9    Dex:  9    Spells: 3/3 levels left

rFire   . . .      SeeInvis .    Y - +1 war axe
rCold   . . .      Faith    .    c - +0 buckler
rNeg    + . .      Spirit   .    e - +0 plate armour
rPois   inf        Reflect  +    (no helmet)
rElec   +          Harm     .    (no cloak)
rCorr   .          Rampage  .    (no gloves)
Will    .....                    b - +1 pair of boots
Stlth   ..........               f - amulet of reflection
HPRegen 0.24/turn                (no ring)
MPRegen 0.09/turn                (no ring)

@: no status effects
A: sickness immunity, AC +3, negative energy resistance 1, electricity
resistance, torment resistance 1, petrification resistance
a: no special abilities


You were on level 4 of the Dungeon.
You visited 1 branch of the dungeon, and saw 4 of its levels.

You collected 171 gold pieces.


Innate Abilities, Weirdness & Mutations

You are immune to sickness and miasma.
Your stone body is resilient. (AC +3)
You are immune to poison.
You resist negative energy. (rN+)
You are resistant to electric shocks. (rElec)
You are resistant to unholy torment.
You are immune to petrification.


   Skills:
 - Level 3.2 Fighting
 + Level 4.3 Axes
 - Level 3.2 Armour
 - Level 3.2 Shields


You had 3 spell levels left.
You didn't know any spells.
Your spell library was empty.

Inventory:

Hand Weapons
 i - a +0 morningstar
 Y - a +1 war axe (weapon)
Missiles
 h - a boomerang (quivered)
Armour
 b - a +1 pair of boots (worn)
 c - a +0 buckler (worn)
 e - a +0 plate armour (worn)
Jewellery
 f - an amulet of reflection (around neck)
Potions
 a - a potion of mutation {unknown}
 d - 3 potions of might

Dungeon Overview and Level Annotations

Branches:
Dungeon (4/15)
 Temple: D:4-7

Altars:
Ashenzari
Trog

Annotations:
D:2 1 runed translucent door, Crazy Yiuf
D:4 Edmund


Message History

The ogre is heavily wounded.
The ogre hits you with a +0 giant club!
Ouch! That really hurt!
3061 ||| READING 2 scrolls of teleportation.
As you read the scroll of teleportation, it crumbles to dust.
You feel strangely unstable.
You hit the ogre.
The ogre is severely wounded.
You block the ogre's attack.
You barely miss the ogre.
The ogre is severely wounded.
Your surroundings suddenly seem different.
A worm and a kobold come into view.
Found 10 gold pieces.
Enter note: Throw: boomerang
Press: ? - help, Q - select action Shift-Dir - straight line, f - kobold You throw a boomerang.
The boomerang closely misses the kobold.
3065 ||| READING scroll of teleportation.
As you read the scroll of teleportation, it crumbles to dust.
You feel strangely unstable.
You closely miss the kobold.
The kobold hits you with a +0 short sword.
You closely miss the kobold. The kobold barely misses you.
You block the kobold's attack.
You hit the kobold.
The kobold is moderately wounded.
Your surroundings suddenly seem different.
An ogre comes into view. It is wielding a +0 giant spiked club.
The ogre shouts!
Enter note: You slash the ogre!
The ogre is severely wounded.
You block the ogre's attack.
You hit the ogre.
The ogre is almost dead.
The ogre hits you with a +0 giant spiked club!!
Ouch! That really hurt!
You die...

#........#
#........#
#........#
#........#
##########........#
........##........#
#######.##........#
#.<#.##.....O@.#
#....##........#
################


You could see an ogre.

Vanquished Creatures
  2 adders
  A worm (D:2)
  A dart slug (D:2)
  6 orcs (D:3)
  6 endoplasms
  3 giant cockroaches
  4 goblins
  6 hobgoblins
  5 quokkas
  9 ball pythons
  6 bats
  2 frilled lizards (D:1)
  6 kobolds
  6 rats
63 creatures vanquished.

Notes
Turn   | Place    | Note
-------+----------+-------------------------------------------
     0 | D:1      | qw the Gargoyle Fighter began the quest for the Orb.
     0 | D:1      | Reached XP level 1. HP: 14/14 MP: 1/1
     0 | D:1      | 0 ||| qw: Version: 0.2-a-17-g06abaee
     0 | D:1      | 0 ||| qw: Game counter: 2329
     0 | D:1      | 0 ||| qw: Always use a shield: true
     0 | D:1      | 0 ||| qw: God list: Okawaru
     0 | D:1      | 0 ||| qw: Allow faded altars: false
     0 | D:1      | 0 ||| qw: Do Orc after D:15 true
     0 | D:1      | 0 ||| qw: Do second Lair branch before Depths: true
     0 | D:1      | 0 ||| qw: Lair rune preference: random
     0 | D:1      | 0 ||| qw: Plans: Normal, Zot:1-4, God:TSO, Crypt, Tomb,
                  | Pan, Slime:5, Hells, Abyss, Orb
     0 | D:1      | 0 ||| PLANNING D:1-11
    21 | D:1      | Reached skill level 2 in Axes
    76 | D:1      | Reached XP level 2. HP: 19/19 MP: 2/2
   399 | D:1      | Reached skill level 3 in Axes
   401 | D:1      | 401 ||| DROPPING +0 club.
   556 | D:1      | Reached XP level 3. HP: 23/23 MP: 3/3
   992 | D:1      | 992 ||| UPGRADING to +0 plate armour.
  1002 | D:1      | 1002 ||| DROPPING +0 scale mail.
  1003 | D:1      | 1003 ||| READING 3 scrolls labelled GUUTRA XIM.
  1004 | D:1      | 1004 ||| READING 3 scrolls labelled FAUTEB EPSAILAD.
  1009 | D:1      | 1009 ||| READING 2 scrolls labelled BAL JYAVUBAMER.
  1010 | D:1      | 1010 ||| READING scroll labelled ICAAD ESE.
  1011 | D:1      | 1011 ||| DROPPING 2 scrolls of amnesia.
  1012 | D:1      | 1012 ||| DROPPING scroll of fog.
  1107 | D:2      | Found a broken altar of Ashenzari.
  1709 | D:2      | 1709 ||| Stepping ~*~*~tactically~*~*~ (hiding).
  1723 | D:2      | Reached XP level 4. HP: 28/28 MP: 4/4
  2089 | D:2      | Found a runed translucent door.
  2090 | D:2      | Noticed Crazy Yiuf
  2093 | D:2      | 2093 ||| UPGRADING to +0 pair of boots.
  2098 | D:2      | 2098 ||| READING scroll labelled NITU PEL RAI.
  2099 | D:2      | 2099 ||| READING scroll labelled GOOXENTOSAFE.
  2156 | D:3      | 2156 ||| READING scroll of enchant armour.
  2156 | D:3      | 2156 ||| ENCHANTING +0 pair of boots.
  2206 | D:3      | Found a faded altar of an unknown god.
  2267 | D:3      | Found a bloodstained altar of Trog.
  2333 | D:3      | Reached skill level 4 in Axes
  2433 | D:3      | 2433 ||| Stepping ~*~*~tactically~*~*~ (stealth).
  2440 | D:3      | 2440 ||| Stepping ~*~*~tactically~*~*~ (stealth).
  2553 | D:3      | 2553 ||| Stepping ~*~*~tactically~*~*~ (stealth).
  2554 | D:3      | 2554 ||| Stepping ~*~*~tactically~*~*~ (stealth).
  2563 | D:3      | 2563 ||| Stepping ~*~*~tactically~*~*~ (stealth).
  2590 | D:3      | 2590 ||| DROPPING +0 whip.
  3034 | D:3      | 3034 ||| UPGRADING to amulet of reflection.
  3054 | D:4      | Noticed an ogre
  3055 | D:4      | Noticed Edmund
  3060 | D:4      | HP: 2/28 [ogre/+0 giant club (14)]
  3061 | D:4      | 3061 ||| READING 2 scrolls of teleportation.
  3065 | D:4      | 3065 ||| READING scroll of teleportation.
  3066 | D:4      | HP: 1/28 [kobold/+0 short sword (3)]
  3068 | D:4      | Noticed an ogre
  3070 | D:4      | Demolished by an ogre

Levels and vault maps discovered:
D:1:      dpeg_arrival_shrine, layout_basic, minmay_misc_feat_four_crosses,
          reono_crystal_passage, minmay_pentomino_q2
D:2:      layout_basic, basic_altar, uniq_crazy_yiuf_cottage
D:3:      layout_basic, lemuel_doored_altar, ebering_ecumenical_altar_rust
D:4:      minmay_chambers_of_twos, layout_basic, uniq_edmund

Skill      XL: |  1  2  3  4 |
---------------+-------------+-----
Axes           | 2 3 4 |  4.3
Fighting       | |  3.2
Armour         | |  3.2
Shields        | |  3.2

Action                   |  1- 3 |  4- 6 || total
-------------------------+-------+-------++-------
Melee: War axe           |   100 |    80 ||   180
Throw: Javelin           |    11 |       ||    11
       Boomerang         |       |     9 ||     9
  Use: Scroll            |     4 |     5 ||     9
Armor: Scale mail        |    37 |       ||    37
       Plate armour      |    11 |    56 ||    67
Dodge: Dodged            |    38 |    20 ||    58
Block: Buckler           |    11 |    10 ||    21

Table legend:
 A = Non-vault XP
 B = Vault XP
 C = Vault XP percentage of total XP
 D = Non-vault monster count
 E = Vault monster count
 F = Vault count percentage of total count
                 A         B        C        D         E       F
            +---------+---------+-------+---------+---------+-------
      Total |     138 |       1 |   0.7 |      62 |       1 |   1.6
            +---------+---------+-------+---------+---------+-------
        D:1 |      43 |       1 |   2.3 |      29 |       1 |   3.3
        D:2 |      43 |       0 |   0.0 |      15 |       0 |   0.0
        D:3 |      52 |       0 |   0.0 |      18 |       0 |   0.0
            +---------+---------+-------+---------+---------+-------
